AoeStats
← AgeOfWootch

Oasis

508491925Analyzed
3v3 RM · 11d ago on Sep 22, 2026· 45m 11s· 6 players
Game mode
Random Map
Map size
Normal (6 player)
Population
200
Speed
Normal
Resources
Standard
Victory
Conquest
Starting age
Dark Age
Ending age
Imperial Age
RankedLock teamsTeams togetherTeam positionsShared explorationLock speedFull tech treeHidden civsTurbo modeCheats
Victory
Defeat
🇩🇪 Khmer · Germany
1211
+15
🇩🇪 Random · Germany
1052
+21
🇩🇪 Random · Germany
1048
+21
🇲🇿 Slavs · Mozambique
1248
-21
🇹🇷 Burmese · Türkiye
1208
-21
🇹🇷 Vikings · Türkiye
1075
-15
Dabbler
5:24 Loom
8:49 Feudal Age
9:57 Double-Bit Axe
12:26 Horse Collar
20:20 Castle Age
20:02 Wheelbarrow
22:09 Bow Saw
22:23 Heavy Plow
26:09 Hand Cart
26:29 Forging
28:07 Town Watch
28:18 Stone Mining
29:58 Scale Mail Armor
30:34 Iron Casting
30:45 Stone Shaft Mining
31:58 Chain Mail Armor
37:42 Imperial Age
36:51 Squires
36:37 Arson
36:27 Hamask
38:12 Fletching
38:58 Plate Mail Armor
39:29 Blast Furnace
37:58 Elite Jomsviking
38:59 Conscription
39:30 Fletching
AgeOfWootch
10:45 Feudal Age
14:01 Castle Age
12:18 Double-Bit Axe
16:35 Bow Saw
16:14 Loom
18:11 Horse Collar
20:34 Heavy Plow
23:47 Wheelbarrow
25:28 Gold Mining
25:28 Stone Mining
25:46 Scale Barding Armor
25:52 Forging
26:57 Bloodlines
26:47 Husbandry
29:50 Imperial Age
28:35 Gold Shaft Mining
28:35 Stone Shaft Mining
32:41 Hand Cart
32:12 Heavy Scorpion
35:30 Chemistry
34:51 Ballistics
34:36 Siege Engineers
34:27 Murder Holes
36:54 Double Crossbow
36:54 Tusk Swords
39:03 Elite Battle Elephant
40:52 Crop Rotation
40:15 Light Cavalry
42:43 Hussar
43:59 Chain Barding Armor
44:14 Iron Casting
Cool Dog
6:28 Loom
9:36 Feudal Age
23:23 Castle Age
22:22 Double-Bit Axe
23:00 Bloodlines
45:00 Imperial Age
43:38 Forging
43:34 Scale Barding Armor
44:13 Wheelbarrow
44:23 Wheelbarrow
45:48 Hand Cart
Enes Baskal
7:04 Loom
9:38 Feudal Age
10:02 Man-at-Arms
14:46 Double-Bit Axe
24:34 Castle Age
24:27 Forging
24:18 Scale Mail Armor
24:36 Pikeman
25:27 Long Swordsman
27:09 Horse Collar
29:19 Iron Casting
29:58 Chain Mail Armor
33:52 Squires
34:39 Wheelbarrow
telwfonea
3:52 Loom
12:32 Feudal Age
13:08 Town Watch
15:18 Double-Bit Axe
22:00 Castle Age
21:56 Forging
21:48 Scale Mail Armor
22:46 Town Patrol
25:50 Bow Saw
27:36 Gold Mining
27:42 Stone Mining
28:03 Bow Saw
30:00 Horse Collar
31:49 Gold Shaft Mining
35:12 Iron Casting
34:53 Chain Mail Armor
37:34 Chieftains
40:37 Scale Barding Armor
40:25 Fletching
40:36 Padded Archer Armor
41:31 Fortified Wall
45:24 Imperial Age
yenese
10:34 Feudal Age
10:53 Man-at-Arms
11:29 Horse Collar
12:10 Loom
15:25 Arson
22:19 Castle Age
21:19 Padded Archer Armor
22:02 Scale Mail Armor
23:09 Long Swordsman
23:51 Squires
24:07 Chain Mail Armor
26:31 Heavy Plow
26:12 Elite Skirmisher
28:08 Forging
27:48 Fletching
31:22 Gambesons
32:07 Pikeman
36:17 Wheelbarrow
38:25 Bodkin Arrow
42:00 Imperial Age
39:46 Hand Cart
42:47 Manipur Cavalry
43:11 Conscription
42:12 Elite Arambai
42:36 Onager
Connection lost

Rejoining the realm…

Still unreachable

The connection could not be restored.

Session expired

The server has moved on; the page needs a fresh start.